AoeStats
← jucca187

Arena

505921934Analyzed
2v2 RM · 22d ago on Sep 11, 2026· 45m 54s· 4 players
Game mode
Random Map
Map size
Medium (4 player)
Population
200
Speed
Normal
Resources
Standard
Victory
Conquest
Starting age
Dark Age
Ending age
Imperial Age
RankedLock teamsTeams togetherTeam positionsShared explorationLock speedFull tech treeHidden civsTurbo modeCheats
Victory
Defeat
🇬🇧 Burgundians · United Kingdom
898
+15
🇬🇧 Bohemians · United Kingdom
898
+15
🇫🇮 Britons · Finland
893
-15
🇫🇮 Malians · Finland
870
-15
dundergubbe
9:42 Loom
11:42 Feudal Age
15:31 Bloodlines
21:54 Castle Age
20:26 Forging
20:38 Man-at-Arms
21:34 Double-Bit Axe
21:38 Horse Collar
22:32 Long Swordsman
23:14 Squires
27:07 Scale Mail Armor
27:36 Fervor
30:03 Iron Casting
31:40 Gold Mining
32:03 Bow Saw
39:34 Imperial Age
37:40 Wheelbarrow
36:51 Town Watch
37:26 Chain Mail Armor
37:32 Pikeman
41:04 Conscription
43:16 Chemistry
43:28 Tigui
45:31 Hand Cart
45:22 Town Patrol
jucca187
11:42 Feudal Age
12:04 Man-at-Arms
13:28 Double-Bit Axe
19:05 Gold Mining
19:07 Stone Mining
22:02 Wheelbarrow
24:54 Castle Age
24:15 Horse Collar
25:45 Bow Saw
26:19 Heavy Plow
27:09 Ballistics
26:27 Long Swordsman
27:08 Squires
27:57 Fletching
28:08 Padded Archer Armor
29:39 Yeomen
29:29 Bodkin Arrow
30:05 Hand Cart
30:23 Pikeman
35:16 Forging
35:06 Scale Mail Armor
40:41 Imperial Age
38:00 Loom
40:43 Halberdier
41:53 Conscription
41:58 Elite Longbowman
44:13 Chemistry
44:21 Bracer
b0om5hakalaka
11:49 Feudal Age
16:35 Castle Age
15:11 Double-Bit Axe
16:01 Bow Saw
16:04 Horse Collar
19:52 Gold Mining
22:35 Heavy Plow
24:23 Wheelbarrow
23:40 Loom
24:08 Stone Mining
26:56 Gold Shaft Mining
27:26 Two-Man Saw
27:58 Stone Shaft Mining
27:52 Cavalier
27:56 Light Cavalry
28:44 Scale Barding Armor
29:29 Hand Cart
31:46 Town Watch
32:11 Burgundian Vineyards
34:55 Imperial Age
33:11 Chain Barding Armor
32:42 Fletching
32:35 Treadmill Crane
34:16 Forging
34:06 Murder Holes
35:21 Crop Rotation
34:49 Bodkin Arrow
36:46 Chemistry
36:11 Conscription
36:00 Husbandry
36:51 Paladin
38:26 Plate Barding Armor
38:21 Fortified Wall
38:22 Masonry
38:18 Hussar
41:22 Iron Casting
42:28 Hoardings
42:27 Architecture
42:19 Bombard Tower
Thrive
10:47 Feudal Age
15:53 Castle Age
14:43 Double-Bit Axe
14:46 Horse Collar
18:03 Fletching
22:38 Padded Archer Armor
24:02 Bodkin Arrow
24:23 Leather Archer Armor
26:46 Wheelbarrow
27:03 Elite Skirmisher
30:16 Chemistry
29:37 Ballistics
29:13 Murder Holes
29:56 Heavy Plow
30:09 Bow Saw
31:56 Hand Cart
36:15 Imperial Age
34:57 Wagenburg Tactics
37:46 Conscription
37:21 Houfnice
40:23 Elite Hussite Wagon
Connection lost

Rejoining the realm…

Still unreachable

The connection could not be restored.

Session expired

The server has moved on; the page needs a fresh start.